General information
- name: BNet
- type: Ladder 1vs1/FFA
- host: Battle.net
- saver: ZombieMachoMan
map: TerenasStand
- players: 2
- length: 55:40
- speed: Fast
- version: 1.26 W3XP
- replay type: Public
» download(134 KB)
Players
team 1 (winner)
ZombieMachoMan (
pink | 53 APM | 2948 actions | 55:40)
6 Archmage
3 Blizzard
2 Brilliance Aura
1 Mass Teleport
6 Blood Mage
3 Flame Strike
3 Banish
» actions
| Assign group hotkey | 53 | |
| Basic commands | 114 | |
| Build / train | 165 | |
| ESC pressed | 2 | |
| Enter build submenu | 59 | |
| Enter hero's abilities submenu | 12 | |
| Give item / drop item | 15 | |
| Remove unit from queue | 2 | |
| Right click | 1080 | |
| Select / deselect | 719 | |
| Select group hotkey | 407 | |
| Use ability | 320 | |
2948 total
» units
| Peasant | 26 | |
| Goblin Shredder | 1 | |
| Goblin Zeppelin | 6 | |
| Dragonhawk Rider | 1 | |
| Sorceress | 2 | |
| Gryphon Rider | 2 | |
| Knight | 3 | |
| Flying Machine | 3 | |
44 total
» upgrades
| Masonry | 3 | |
| Sorceress Training | 2 | |
| Magic Sentry | 1 | |
| Swords | 3 | |
| Plating | 3 | |
| Cloud | 1 | |
| Storm Hammers | 1 | |
| Armor | 3 | |
| Gunpowder | 3 | |
| Animal War Training | 1 | |
| Priest Training | 2 | |
| Barrage | 1 | |
| Lumber Harvesting | 2 | |
| Flak Cannons | 1 | |
27 total
» buildings
| Altar of Kings | 1 | |
| Farm | 25 | |
| Arcane Vault | 2 | |
| Lumber Mill | 1 | |
| Scout Tower | 40 | |
| Arcane Tower | 11 | |
| Town Hall | 5 | |
| Guard Tower | 15 | |
| Keep | 4 | |
| Blacksmith | 2 | |
| Arcane Sanctum | 1 | |
| Gryphon Aviary | 3 | |
| Castle | 1 | |
| Barracks | 2 | |
| Workshop | 1 | |
114 total
» build order
00:05 Altar of Kings
00:17 Farm
00:18 Farm
00:39 Arcane Vault
01:15 Lumber Mill
01:33 Scout Tower
01:38 Farm
02:04 Arcane Tower
03:07 Farm
03:23 Scout Tower
03:24 Scout Tower
04:10 Town Hall
04:13 Scout Tower
04:14 Scout Tower
04:20 Guard Tower
04:49 Arcane Tower
04:50 Guard Tower
04:56 Scout Tower
04:57 Scout Tower
05:07 Scout Tower
05:52 Guard Tower
05:55 Scout Tower
05:58 Guard Tower
06:13 Scout Tower
06:14 Scout Tower
06:17 Scout Tower
06:18 Scout Tower
06:23 Guard Tower
06:30 Guard Tower
06:34 Farm
06:44 Guard Tower
07:46 Keep
07:46 Keep
07:46 Keep
09:01 Blacksmith
09:03 Blacksmith
09:06 Arcane Tower
09:07 Guard Tower
09:10 Scout Tower
09:11 Scout Tower
09:45 Guard Tower
09:49 Scout Tower
10:09 Scout Tower
10:09 Scout Tower
10:13 Arcane Vault
10:14 Scout Tower
10:21 Arcane Sanctum
10:30 Gryphon Aviary
10:33 Gryphon Aviary
10:33 Gryphon Aviary
10:47 Guard Tower
10:59 Guard Tower
11:38 Farm
11:40 Arcane Tower
11:40 Castle
12:12 Arcane Tower
12:26 Town Hall
12:27 Scout Tower
12:28 Scout Tower
12:29 Scout Tower
12:30 Scout Tower
12:30 Scout Tower
13:00 Guard Tower
13:05 Scout Tower
13:07 Guard Tower
14:02 Guard Tower
16:21 Farm
16:21 Farm
16:22 Farm
16:23 Farm
16:23 Farm
16:24 Farm
17:01 Scout Tower
17:02 Scout Tower
17:03 Scout Tower
17:04 Scout Tower
17:04 Scout Tower
17:05 Scout Tower
18:09 Barracks
18:16 Barracks
18:37 Guard Tower
22:35 Scout Tower
22:36 Scout Tower
25:29 Workshop
35:03 Town Hall
44:24 Farm
44:26 Farm
44:28 Farm
44:29 Farm
44:31 Farm
44:33 Farm
44:35 Farm
44:36 Farm
44:41 Farm
44:41 Farm
44:43 Farm
44:56 Farm
45:10 Scout Tower
45:13 Scout Tower
45:26 Scout Tower
45:28 Arcane Tower
45:42 Arcane Tower
45:55 Arcane Tower
45:59 Farm
46:17 Town Hall
46:37 Scout Tower
46:37 Scout Tower
46:38 Scout Tower
46:39 Scout Tower
46:44 Town Hall
47:06 Arcane Tower
47:07 Arcane Tower
47:07 Arcane Tower
» items
| Lesser Clarity Potion | 4 | |
| Mechanical Critter | 3 | |
| Scroll of Regeneration | 9 | |
| Boots of Speed | 3 | |
| Staff of Teleportation | 2 | |
| Potion of Invisibility | 3 | |
| Periapt of Vitality | 3 | |
| Potion of Lesser Invulnerability | 1 | |
| Scroll of Town Portal | 7 | |
| Potion of Mana | 1 | |
| Potion of Healing | 6 | |
| Ivory Tower | 1 | |
| Staff of Sanctuary | 2 | |
| Scroll of Healing | 2 | |
47 total
team 2 (loser)
Fiery_WA (
yellow | 25 APM | 1367 actions | 55:36)
5 Blademaster
1 Wind Walk
3 Critical Strike
1 Mirror Image
» actions
| Basic commands | 26 | |
| Build / train | 74 | |
| ESC pressed | 1 | |
| Enter build submenu | 30 | |
| Enter hero's abilities submenu | 5 | |
| Give item / drop item | 6 | |
| Right click | 860 | |
| Select / deselect | 283 | |
| Use ability | 81 | |
1367 total
» units
| Peon | 27 | |
| Grunt | 4 | |
| Goblin Shredder | 1 | |
| Wind Rider | 3 | |
| Demolisher | 3 | |
| Tauren | 1 | |
| Troll Witch Doctor | 4 | |
| Forest Troll Shadow Priest | 1 | |
| Troll Headhunter/Berserker | 3 | |
| Raider | 2 | |
| Shaman | 1 | |
50 total
» upgrades
| Pillage | 1 | |
| Spiked Barricades | 1 | |
| Envenomed Spears | 1 | |
| Reinforced Defenses | 1 | |
| Witch Doctor Training | 2 | |
| Pulverize | 1 | |
| Troll Regeneration | 1 | |
| Berserker Upgrade | 1 | |
| Burning Oil | 1 | |
| Ranged Weapons | 1 | |
| Armor | 1 | |
| Ensnare | 1 | |
| Shaman Training | 2 | |
15 total
» buildings
| Altar of Storms | 2 | |
| Orc Burrow | 7 | |
| Barracks | 1 | |
| War Mill | 3 | |
| Stronghold | 1 | |
| Beastiary | 2 | |
| Voodoo Lounge | 1 | |
| Fortress | 1 | |
| Watch Tower | 8 | |
| Spirit Lodge | 1 | |
| Tauren Totem | 1 | |
| Great Hall | 4 | |
32 total
» build order
00:08 Altar of Storms
00:14 Orc Burrow
01:11 Barracks
01:19 War Mill
01:34 Orc Burrow
03:01 Stronghold
03:41 Orc Burrow
05:43 Beastiary
06:18 Orc Burrow
06:38 Voodoo Lounge
07:07 Fortress
07:35 Watch Tower
12:23 Spirit Lodge
12:47 Tauren Totem
13:03 Watch Tower
13:15 Orc Burrow
15:08 Watch Tower
16:06 Orc Burrow
19:54 Great Hall
23:40 Watch Tower
24:15 Watch Tower
25:12 Great Hall
25:37 Watch Tower
26:56 Watch Tower
29:02 War Mill
30:22 Watch Tower
31:01 Beastiary
32:28 War Mill
32:45 Orc Burrow
33:46 Great Hall
34:27 Altar of Storms
35:40 Great Hall
» items
Chat log
(33:23 / All) ZombieMachoMan: lol
(33:38 / All) ZombieMachoMan: youve played over 2000 games)
(33:41 / All) ZombieMachoMan: two THOUSAND
(33:43 / All) ZombieMachoMan: and youre this bad?
(33:56 / All) ZombieMachoMan: whats wrong with you?
(33:59 / All) Fiery_WA: its a game
(34:06 / All) ZombieMachoMan: its a game youve wasted your life playing
(34:09 / All) ZombieMachoMan: over, and over, and over agani
(34:11 / All) ZombieMachoMan: again
(34:19 / All) ZombieMachoMan: and still havent learned how to play it
(34:31 / All) ZombieMachoMan: yet you try to save face by saying "its a game"
(34:32 / All) ZombieMachoMan: lol
(34:43 / All) ZombieMachoMan: lol
(34:48 / All) ZombieMachoMan: playing hide the great hall?
(34:50 / All) ZombieMachoMan: why?
(34:54 / All) ZombieMachoMan: you know you wont win
(35:27 / All) ZombieMachoMan: are you trying to "punish" me by dragging the game out because i hurt your feelings?
(35:28 / All) ZombieMachoMan: :)
(36:05 / All) Fiery_WA: inflated ego much?
(36:16 / All) ZombieMachoMan: just relaying what ive seen
(36:22 / All) ZombieMachoMan: but ok, give me another reason
(36:28 / All) ZombieMachoMan: why youre trying to play hide the great hall
(36:34 / All) ZombieMachoMan: prove me wrong.
(36:39 / All) Fiery_WA: doh its a game
(36:49 / All) ZombieMachoMan: that isnt a reason
(37:47 / All) ZombieMachoMan: if i wanted to end it id kill your voodoo lounge for starters
(38:38 / All) ZombieMachoMan: LOL
(38:48 / All) ZombieMachoMan: fail
(39:01 / All) ZombieMachoMan: god youre so bad
(39:10 / All) ZombieMachoMan: especially for someone who tries too hard
(39:25 / All) ZombieMachoMan: with a horribly rigged hero and you cant even do that right
(39:52 / All) ZombieMachoMan: too insecure to leave?
(42:48 / All) ZombieMachoMan: mercs?
(42:55 / All) ZombieMachoMan: Lol
(43:32 / All) ZombieMachoMan: oops guess not
(46:57 / All) ZombieMachoMan: lol
(47:03 / All) ZombieMachoMan: blademaster in a cage
(47:15 / All) ZombieMachoMan: can i pet him?
(48:46 / All) ZombieMachoMan: NO.
(49:00 / All) ZombieMachoMan: escaping is not allowed from this zoo
(49:29 / All) ZombieMachoMan: That's a nice orb of lightning...
(49:36 / All) ZombieMachoMan: Worth lotsa moneys?
(50:07 / All) ZombieMachoMan: I think you should sell it.
(50:10 / All) ZombieMachoMan: After all...
(50:14 / All) ZombieMachoMan: ITS ONLY A GAME!!11!!1
(50:18 / All) ZombieMachoMan:
(50:19 / All) ZombieMachoMan:
(50:20 / All) ZombieMachoMan: Ahem.
(51:02 / All) Fiery_WA: send in sum air take him out
(51:07 / All) ZombieMachoMan: Nah
(51:12 / All) ZombieMachoMan: I'll send in a challenger
(51:18 / All) ZombieMachoMan: Bloodmage...i
(51:20 / All) ZombieMachoMan: choose you!
(53:27 / All) ZombieMachoMan: oh noes
(53:33 / All) ZombieMachoMan: you lost a blademaster to a bloodmage
(53:43 / All) ZombieMachoMan: any more attractions, or is the zoo closed?
(53:53 / All) ZombieMachoMan: :(
(54:27 / All) ZombieMachoMan: You don't talk much do you...
(54:36 / All) ZombieMachoMan: I can't blame you considering how humiliating this is for you
(54:42 / All) ZombieMachoMan: I'd be pretty silent too...
(54:50 / All) ZombieMachoMan: Not that this would happen to me.